 Dungeon Crawl Stone Soup version 0.29.1-13-g9f3cf754e1 (webtiles) character file.

Game seed: 15175639884254030790

28 hbarley the Trooper (level 3, -3/33 HPs)
             Began as a Hill Orc Fighter on Feb 1, 2023.
             Slain by Terence
             ... wielding a +0 flail
              (8 damage)
             ... on level 2 of the Dungeon.
             The game lasted 00:02:57 (952 turns).

hbarley the Trooper (Hill Orc Fighter)               Turns: 952, Time: 00:02:57

Health: -3/33      AC:  6    Str: 18    XL:     3   Next: 12%
Magic:  3/3        EV:  9    Int:  8    God:
Gold:   111        SH:  4    Dex: 12    Spells: 2/2 levels left

rFire   . . .      SeeInvis .   a - +0 war axe
rCold   . . .      Faith    .   c - +0 buckler
rNeg    . . .      Spirit   .   b - +0 scale mail
rPois   .          Reflect  .   (no helmet)
rElec   .          Harm     .   (no cloak)
rCorr   .          Rampage  .   (no gloves)
Will    .....                   (no boots)
Stlth   ..........              (no amulet)
HPRegen 0.11/turn               (no ring)
MPRegen 0.08/turn               (no ring)

@: no status effects
A: no striking features
a: no special abilities


You were on level 2 of the Dungeon.
You visited 1 branch of the dungeon, and saw 2 of its levels.

You collected 111 gold pieces.

Inventory:

Hand Weapons
 a - a +0 war axe (weapon)
Missiles
 f - 3 curare-tipped darts (quivered)
Armour
 b - a +0 scale mail (worn)
 c - a +0 buckler (worn)
Scrolls
 e - 2 scrolls of identify {unknown}
 g - a scroll of teleportation {unknown}
 i - 2 scrolls of fear {unknown}
 l - a scroll of magic mapping {unknown}
Potions
 d - a potion of might
 h - a potion of brilliance {unknown}
 j - a potion of heal wounds {unknown}
 k - a potion of lignification {unknown}


   Skills:
 + Level 4.2 Fighting
 + Level 3.2 Axes
 + Level 3.5 Armour
 + Level 3.6 Shields


You had 2 spell levels left.
You didn't know any spells.
Your spell library contained the following spells:

 Spells                   Type           Power      Damage    Failure   Level
 Gell's Gravitas          Tloc           0%         N/A       99%         3
 Lesser Beckoning         Tloc           0%         N/A       99%         3
 Summon Guardian Golem    Hex/Summ       0%         N/A       99%         3
 Teleport Other           Tloc           0%         N/A       99%         3
 Orb of Destruction       Conj           0%         9d5       100%        7
 Spellforged Servitor     Conj/Summ      0%         N/A       100%        7


Dungeon Overview and Level Annotations

Branches:
Dungeon (2/15)

Altars:

Shops:
D:2 [

Annotations:
D:2 Terence


Message History

You now have 111 gold pieces (gained 7).
Terence the Incautious comes into view.
He is wielding a +0 flail and wearing a +3 chain mail of fire resistance.
Terence shouts!
Terence misses you.
There is an entrance to Akhlominu's Armour Shop here.
You slash Terence!
Terence is heavily wounded.
Terence hits you with a +0 flail.
You barely miss Terence.
Terence is heavily wounded.
You block Terence's attack.
You closely miss Terence.
Terence is heavily wounded.
Terence closely misses you. Terence hits you with a +0 flail!
You hit Terence but do no damage.
Terence is heavily wounded.
Terence hits you with a +0 flail!
You hit Terence but do no damage.
Terence is heavily wounded.
Terence hits you with a +0 flail.
You hit Terence but do no damage.
Terence is heavily wounded.
Terence barely misses you. x2
You hit Terence.
Terence is severely wounded.
Terence hits you but does no damage.
You barely miss Terence.
Terence is severely wounded.
Terence shouts, "Now you die!" Terence barely misses you.
You hit Terence but do no damage.
Terence is severely wounded.
Terence asks, "Do you want it fast or slow?"
Terence hits you with a +0 flail.
* * * LOW HITPOINT WARNING * * *
You block Terence's attack.
You hit Terence.
Terence is almost dead.
Terence hits you with a +0 flail!
You die...

.####..#...>....<.
#.#........... #
#.#......†.... #.
###.#...........
#.####...#...........
#...#....#......(....
#..#.#...†...........
#.#@..#..#...........
#..@..#.............
#.#...#..............
....#.#...............
#.....#...............#
..........#.#...........
............##........#.
..........#.# #...... ..
..........#.# ###### ..
.... .. ..


You could see Terence.

Vanquished Creatures
  2 dart slugs (D:2)
  3 ball pythons
  3 bats
  An endoplasm (D:1)
  2 giant cockroaches (D:1)
  A hobgoblin (D:1)
  3 kobolds (D:1)
  A quokka (D:1)
  A frilled lizard (D:1)
  7 rats
24 creatures vanquished.

Notes
Turn   | Place    | Note
-------+----------+-------------------------------------------
     0 | D:1      | hbarley the Hill Orc Fighter began the quest for the Orb.
     0 | D:1      | Reached XP level 1. HP: 19/19 MP: 1/1
   193 | D:1      | Reached XP level 2. HP: 24/27 MP: 2/2
   302 | D:1      | Reached skill level 4 in Fighting
   492 | D:1      | Found a faded altar of an unknown god.
   826 | D:2      | Reached XP level 3. HP: 33/33 MP: 3/3
   926 | D:2      | Found Akhlominu's Armour Shop.
   940 | D:2      | Noticed Terence
   952 | D:2      | Slain by Terence

Illustrated notes

Levels and vault maps discovered:
D:1:      spicycebolla_green_bress_n_ham, layout_rooms,
          dreamdust_ecumenical_altar_hidden_monk_grotto
D:2:      layout_rooms, serial_shops, nicolae_diamond_shop, uniq_terence

Skill      XL: |  1  2 |
---------------+-------+-----
Fighting       | 4 |  4.2
Axes           | 3 |  3.2
Armour         | |  3.5
Shields        | |  3.6

Action                   || total
-------------------------++-------
Melee: War axe           ||    64
Armor: Scale mail        ||    25
Dodge: Dodged            ||    34
Block: Buckler           ||    11
